 Dungeon Crawl Stone Soup version 0.28.0-47-ge53b351184 (webtiles) character file.

Game seed: 18393474901874376063

4804 hawla the Cruncher (level 10, 0/78 HPs)
             Began as a Deep Elf Earth Elementalist on May 1, 2022.
             Was a Follower of Vehumet.
             Slain by a hornet (9 damage)
             ... on level 9 of the Dungeon on May 2, 2022.
             The game lasted 00:37:37 (12259 turns).

hawla the Cruncher (Deep Elf Earth Elementalist)   Turns: 12259, Time: 00:37:39

Health: 0/78       AC: 25    Str:  7    XL:     10   Next: 24%
Magic:  18/19      EV:  2    Int: 23    God:    Vehumet [*.....]
Gold:   455        SH:  0    Dex: 15    Spells: 10/19 levels left

rFire   . . .      SeeInvis .   i - +2 quarterstaff
rCold   + . .      Faith    .   (shield currently unavailable)
rNeg    . . .      Spirit   .   (armour currently unavailable)
rPois   +          Reflect  .   (helmet currently unavailable)
rElec   .          Harm     .   (cloak currently unavailable)
rCorr   .          Rampage  .   (gloves currently unavailable)
Will    +....      NoTele   +   (boots currently unavailable)
Stlth   ++........              (no amulet)
HPRegen 0.23/turn               l - ring of protection from cold
MPRegen 0.16/turn               (no ring)

@: lethally poisoned (0 -> -6), tree-form, slowed, very slow
A: stationary, stasis, torment immunity, boosted hp
a: Renounce Religion


You were on level 9 of the Dungeon.
You worshipped Vehumet.
Vehumet was aware of your devotion.
You were a tree.
You visited 2 branches of the dungeon, and saw 10 of its levels.

You collected 455 gold pieces.

Inventory:

Hand Weapons
 i - a +2 quarterstaff (weapon)
Missiles
 c - 164 stones
 d - a curare-tipped dart
 f - 13 poisoned darts (quivered)
 t - 5 boomerangs
Armour
 b - a +0 robe (melded)
 k - a +0 cloak (melded)
 y - a +2 pair of boots (melded)
 B - a +0 pair of gloves (melded)
Magical Staves
 a - a staff of cold
Jewellery
 l - a ring of protection from cold (left branch)
Wands
 h - a wand of iceblast (1)
 o - a wand of flame (11)
 q - a wand of polymorph (11)
 z - a wand of digging (6)
Scrolls
 j - 3 scrolls of teleportation
Potions
 e - 2 potions of flight
 g - 3 potions of attraction {unknown}
 m - 3 potions of curing
 n - 2 potions of magic
 p - 3 potions of haste {unknown}
 s - a potion of lignification
 u - 3 potions of ambrosia
 w - a potion of berserk rage


   Skills:
 - Level 1.0 Fighting
 + Level 12.1 Staves
 - Level 1.0 Throwing
 - Level 6.0 Dodging
 - Level 3.5 Stealth
 + Level 5.1 Spellcasting
 + Level 5.0 Conjurations
 - Level 1.1 Transmutations
 + Level 1.2 Fire Magic
 - Level 1.0 Ice Magic
 - Level 5.0 Earth Magic
 - Level 0.3 Evocations


You had 10 spell levels left.
You knew the following spells:

 Your Spells              Type           Power      Damage    Failure   Level
a - Sandblast             Erth           56%        2d13      1%          1
b - Stone Arrow           Conj/Erth      58%        3d10      3%          3
c - Fireball              Conj/Fire      10%        3d6       56%         5

Your spell library contained the following spells:

 Spells                   Type           Power      Damage    Failure   Level
 Foxfire                  Conj/Fire      80%        2x1d8     2%          1
 Magic Dart               Conj           100%       1d8       1%          1
 Passwall                 Tmut/Erth      15%        N/A       4%          2
 Beastly Appendage        Tmut           20%        N/A       6%          1
 Wereblood                Tmut           10%        N/A       9%          2
 Summon Small Mammal      Summ           20%        N/A       10%         1
 Call Imp                 Summ           5%         N/A       14%         2
 Mephitic Cloud           Conj/Pois/Air  13%        N/A       14%         3
 Ignite Poison            Fire/Tmut/Pois 9%         N/A       21%         3
 Spider Form              Tmut/Pois      8%         N/A       22%         3
 Petrify                  Tmut/Erth      19%        N/A       26%         4
 Call Canine Familiar     Summ           5%         N/A       28%         3
 Summon Guardian Golem    Hex/Summ       5%         N/A       28%         3
 Tukima's Dance           Hex            5%         N/A       28%         3
 Anguish                  Hex/Necr       2%         N/A       67%         4
 Freezing Cloud           Conj/Ice/Air   7%         6-21      75%         5
 Starburst                Conj/Fire      10%        6d5       98%         6
 Enfeeble                 Hex            2%         N/A       100%        7
 Ignition                 Fire           5%         3d4       100%        8


Dungeon Overview and Level Annotations

Branches:
Dungeon (9/15)             Temple (1/1) D:6
   Lair: D:8-11         Orc: D:9-12

Altars:
Ashenzari
Cheibriados
Elyvilon
Gozag
Hepliaklqana
Kikubaaqudgha
Makhleb
Nemelex Xobeh
Okawaru
Qazlal
Ru
Sif Muna
Uskayaw
Vehumet
Wu Jian
Xom
Zin
The Shining One

Shops:
D:8 (

Annotations:
D:3 3 runed translucent doors, terff's ghost, weakling HOMo


Message History

A howler monkey comes into view.
Things that are here:
a +0 flail; a +0 leather armour; an orc corpse The orc wizard casts a spell.
The orc wizard flickers and vanishes!
Deactivating autopickup; reactivate with Ctrl-A.
The howler monkey hoots and howls with incredible vigour!
The howler monkey hoots and howls with incredible vigour!
You hear an angry buzzing noise.
There is an escape hatch in the floor here.
The hornet stings you!
You are poisoned.
You feel yourself slow down.
As you read the scroll of teleportation, it crumbles to dust.
You feel strangely unstable.
You feel very sick. The hornet closely misses you. The hornet misses you.
The orc misses you.
You feel yourself speed up.
You feel very sick. The hornet stings you.
* * * LOW HITPOINT WARNING * * *
You feel yourself slow down.
You feel better.
The hornet stings you but does no damage.
The hornet stings you!
* * * LOW HITPOINT WARNING * * *
You are lethally poisoned!
You feel as though you will be slow longer.
The hornet stings you.
* * * LOW HITPOINT WARNING * * *
You feel as though you will be slow longer.
Really quaff the potion of lignification?
You turn into a tree.
Your +0 cloak melds into your body.
Your +0 pair of gloves melds into your body.
Your +2 pair of boots melds into your body.
Your +0 robe melds into your body.
Your roots penetrate the ground.
You feel strangely stable.
You feel very sick. The hornet stings you!
You die...

####### ## #.....# .# #...<.# .#
#.....######## .# #...♣........#
.############...yh.......########
................{o...............
.....................######...###
.....................# #...#
##########++###'###..# #...#
#...... ..........#>.# #...# #
....... ..........#.o# #...##§
....... ..........#..# #......


You could see a hornet, a howler monkey and 2 orcs.

Vanquished Creatures
  A two-headed ogre (D:8)
  An ugly thing (D:8)
  Prince Ribbit (D:5)
  Eustachio (D:5)
  3 water moccasins (D:6)
  An orc warrior (D:9)
  2 sky beasts
  A black bear (D:4)
  3 ogres
  A necrophage (D:6)
  3 centaurs
  A phantom (D:4)
  3 kobold brigands
  A bullfrog (D:8)
  A gnoll sergeant (D:5)
  A wyvern zombie (D:7)
  A scorpion (D:7)
  A water moccasin skeleton (D:4)
  4 killer bees (D:8)
  A howler monkey (D:7)
  11 wights
  2 lava snakes (D:7)
  4 centaur zombies
  2 bullfrog zombies (D:5)
  5 hounds
  3 orc priests
  2 jellies
  3 iguanas
  3 orc wizards
  A killer bee zombie (D:5)
  A howler monkey zombie (D:7)
  6 adders
  14 gnolls
  A shadow imp (D:5)
  An adder zombie (D:5)
  3 worms
  3 dart slugs
  17 orcs
  5 bats
  2 endoplasms
  2 goblins (D:1)
  2 hobgoblins
  13 jackals
  12 kobolds
  A quokka (D:2)
  8 ball pythons
  2 frilled lizards
  4 rats
165 creatures vanquished.

Vanquished Creatures (others)
  4 fungi (D:3)
4 creatures vanquished.

Grand Total: 169 creatures vanquished

Notes
Turn   | Place    | Note
-------+----------+-------------------------------------------
     0 | D:1      | hawla the Deep Elf Earth Elementalist began the quest for
                  | the Orb.
     0 | D:1      | Reached XP level 1. HP: 10/10 MP: 6/6
   330 | D:1      | Reached XP level 2. HP: 13/15 MP: 5/8
   865 | D:1      | Found a faded altar of an unknown god.
  1056 | D:2      | Reached XP level 3. HP: 19/19 MP: 8/10
  1072 | D:1      | Learned a level 3 spell: Stone Arrow
  1317 | D:2      | Reached XP level 4. HP: 19/24 MP: 7/12
  2370 | D:2      | Reached skill level 1 in Conjurations
  2688 | D:3      | Reached XP level 5. HP: 28/28 MP: 6/13
  3121 | D:3      | Found a runed translucent gate.
  3121 | D:3      | Found a runed translucent gate.
  3124 | D:3      | Found a runed translucent gate.
  3125 | D:3      | Noticed terff's ghost (weakling HOMo)
  3701 | D:4      | Reached skill level 5 in Earth Magic
  3830 | D:4      | Noticed a centaur
  3835 | D:4      | Killed a centaur
  3836 | D:4      | Reached skill level 5 in Dodging
  3836 | D:4      | Reached XP level 6. HP: 20/32 MP: 4/14
  3842 | D:4      | Learned a level 5 spell: Fireball
  4056 | D:4      | Reached skill level 1 in Staves
  4383 | D:4      | Reached skill level 1 in Fire Magic
  4383 | D:4      | Reached skill level 1 in Ice Magic
  4383 | D:4      | Reached XP level 7. HP: 36/36 MP: 5/15
  4588 | D:4      | Reached skill level 2 in Staves
  4780 | D:5      | Entered Level 5 of the Dungeon
  5074 | D:5      | Reached skill level 5 in Spellcasting
  5234 | D:5      | Reached skill level 3 in Staves
  5651 | D:5      | Reached skill level 4 in Staves
  6054 | D:5      | Noticed Prince Ribbit
  6067 | D:5      | Reached XP level 8. HP: 37/41 MP: 7/17
  6213 | D:5      | Noticed Eustachio
  6220 | D:5      | Killed Eustachio
  6221 | D:5      | Reached skill level 5 in Conjurations
  6270 | D:5      | Reached skill level 5 in Staves
  6558 | D:5      | Killed Prince Ribbit
  6559 | D:5      | Reached skill level 6 in Staves
  6932 | D:6      | Reached skill level 7 in Staves
  7484 | D:6      | Reached skill level 8 in Staves
  7647 | D:6      | Found a staircase to the Ecumenical Temple.
  7660 | Temple   | Entered the Ecumenical Temple
  7881 | Temple   | Became a worshipper of Vehumet
  7950 | D:6      | Reached XP level 9. HP: 45/45 MP: 11/18
  8216 | D:6      | Reached skill level 9 in Staves
  9267 | D:7      | Reached skill level 10 in Staves
  9872 | D:7      | Reached * piety under Vehumet
  9872 | D:7      | Offered knowledge of Foxfire by Vehumet.
 10171 | D:8      | Noticed a two-headed ogre
 10173 | D:8      | Found Uschiofopp's Weapon Shoppe.
 10181 | D:8      | Killed a two-headed ogre
 10182 | D:8      | Reached skill level 11 in Staves
 10393 | D:8      | Noticed a brown ugly thing
 10665 | D:8      | Reached XP level 10. HP: 50/50 MP: 6/19
 11383 | D:8      | Reached skill level 12 in Staves
 11719 | D:8      | Killed a purple ugly thing
 11720 | D:8      | Reached skill level 1 in Fighting
 11720 | D:8      | Reached skill level 1 in Throwing
 12259 | D:9      | Slain by a hornet

Illustrated notes

Levels and vault maps discovered:
D:1:      psy_arrival_heroes, layout_basic,
          shapermc_ecumenical_altar_mp_urbaneastern, chequers_garden
D:2:      layout_basic
D:3:      layout_basic, gammafunk_ghost_nasty_kobolds
D:4:      layout_basic
D:5:      layout_basic, uniq_prince_ribbit1, uniq_eustachio
D:6:      layout_loops_ring, minmay_temple_entry_glass
D:7:      layout_loops_ring, kennysheep_potato
D:8:      layout_loops_cross, serial_shops, nicolae_shop_bloodbath_and_beyond
D:9:      layout_irregular_city, hangedman_abyss_or_decor_slice,
          nicolae_concentric_dashed_squares_mild, minmay_lindwurm_lava
Temple:   eino_narrow_crystal_temple

Skill      XL: |  1  2  3  4  5  6  7  8  9 10 |
---------------+-------------------------------+-----
Spellcasting   | 4 5 |  5.1
Earth Magic    | 4 5 |  5.0
Dodging        | 3 5 6 |  6.0
Stealth        | 3 |  3.5
Conjurations   | 1 4 5 |  5.0
Staves         | 1 4 8 11 12 | 12.1
Fire Magic     | 1 |  1.2
Ice Magic      | 1 |  1.0
Fighting       | 1 |  1.0
Throwing       | 1 |  1.0
Transmutations | |  1.1
Evocations     | |  0.3

Action                   |  1- 3 |  4- 6 |  7- 9 | 10-12 || total
-------------------------+-------+-------+-------+-------++-------
Melee: Unarmed           |    10 |     1 |       |       ||    11
       Staff             |       |     5 |    44 |       ||    49
       Punch             |       |       |     3 |       ||     3
       Quarterstaff      |       |       |       |    21 ||    21
Throw: Dart              |       |     3 |     9 |     4 ||    16
       Stone             |       |       |     4 |       ||     4
       Throwing net      |       |       |       |     1 ||     1
 Cast: Sandblast         |    36 |    28 |    27 |     9 ||   100
       Stone Arrow       |     2 |    36 |   155 |    32 ||   225
Evoke: Wand              |       |       |     2 |       ||     2
  Use: Scroll            |       |     7 |    12 |     5 ||    24
       Potion            |       |       |     1 |     3 ||     4
 Stab: Sleeping          |     1 |     1 |       |       ||     2
Armor: Robe              |     3 |     4 |    16 |     7 ||    30
Dodge: Dodged            |    25 |    23 |   103 |    28 ||   179
